 Dungeon Crawl Stone Soup version 0.18.1-8-gdd0e5ea (webtiles) character file.

335191 M4edhros the Peltast (level 22, -1/219 HPs)
             Began as a Formicid Hunter on June 4, 2016.
             Was an Elder of Dithmenos.
             Killed from afar by a battlesphere (3 damage)
             ... created by a tengu reaver
             ... on level 2 of the Vaults.
             The game lasted 02:10:07 (50578 turns).

M4edhros the Peltast (Formicid Hunter)             Turns: 50578, Time: 02:10:07

Health: -1/219     AC: 29    Str: 19    XL:     22   Next: 84%
Magic:  29/36      EV: 32    Int: 15    God:    Dithmenos [****..]
Gold:   1003       SH: 28    Dex: 28    Spells: 2 memorised, 27 levels left

rFire  . . .     SeeInvis +     q - +6 lajatang (speed)
rCold  . . .     Gourm    .     (armour currently unavailable)
rNeg   + + +     Faith    .     j - +6 large shield of Baldness {+Inv rC- Slay+6}
rPois  ∞         Spirit   .     (helmet unavailable)
rElec  +         Dismiss  +     D - +1 cloak {MR+}
rCorr  .         Reflect  .     (gloves currently unavailable)
SustAt .         Harm     .     (boots currently unavailable)
MR     +++++     Clarity  +     r - amulet of Cekugob {Dismiss -Tele rElec rPois rN++ AC+1 EV+1}
Stlth  ++++++....               N - ring "Gatzec" {MR+ Dex+4 Slay+4}
                                G - ring "Nymnon" {rC+ MR+ Stlth+}

@: agile, statue-form, very slightly contaminated, wreathed by umbra, very slow,
almost entirely resistant to hostile enchantments, very stealthy
A: permanent stasis, dig shafts and tunnels, four strong arms, antennae 3,
(iridescent scales 0), agile 1, clarity, high mp 1, magic resistance 1, (shaggy
fur 0), slow regeneration 2, strong 1
a: Dig, Shaft Self, End Transformation, Shadow Step, Renounce Religion, Evoke
Invisibility
}: 2/15 runes: decaying, gossamer


You were on level 2 of the Vaults.
You worshipped Dithmenos.
Dithmenos was greatly pleased with you.
You were very hungry.
You were a stone statue.
You visited 9 branches of the dungeon, and saw 40 of its levels.
You also visited: Labyrinth and Ice Cave.

You collected 18570 gold pieces.
You spent 3763 gold pieces at shops.
You paid 13804 gold pieces to Gozag.

Inventory:

Hand Weapons
 q - a +6 lajatang of speed (weapon)
 s - a +0 trident of venom
 v - a +2 glaive of freezing
 M - a +0 dagger
 W - a +0 arbalest
Missiles
 d - 326 bolts
Armour
 b - the +6 chain mail "Ilunk" {rC+ rN+ MR+ Slay-2}
   (You bought it in a shop on level 7 of the Dungeon)

   It affects your accuracy and damage with ranged weapons and melee attacks
   (-2).
   It protects you from cold.
   It protects you from negative energy.
   It affects your resistance to hostile enchantments.
 j - the +6 large shield of Baldness (worn) {+Inv rC- Slay+6}
   (You found it on level 14 of the Dungeon)

   It affects your accuracy and damage with ranged weapons and melee attacks
   (+6).
   It makes you vulnerable to cold.
   It lets you turn invisible.
 t - a +0 pair of gloves of strength (melded)
 y - the +4 leather armour "Immatis" {rF++}
   (You found it on level 4 of the Spider Nest)

   It greatly protects you from fire.
 z - the +0 leather armour of the Equator (melded) {-Tele rPois Int+5}
   (You bought it in a shop on level 7 of the Dungeon)

   It affects your intelligence (+5).
   It protects you from poison.
   It prevents most forms of teleportation.
 D - a +1 cloak of magic resistance (worn)
 J - the +5 ring mail of Valiance {rPois Dex+10}
   (You bought it in a shop on level 7 of the Dungeon)

   It affects your dexterity (+10).
   It protects you from poison.
 S - a +2 pair of boots (melded)
Jewellery
 i - a +3 ring of evasion
 r - the amulet of Cekugob (around neck) {Dismiss -Tele rElec rPois rN++ AC+1 EV+1}
   (You took it off a deep elf knight on level 3 of the Elven Halls)

   [amulet of dismissal]

   It may teleport away creatures that harm you.
   It affects your AC (+1).
   It affects your evasion (+1).
   It insulates you from electricity.
   It protects you from poison.
   It greatly protects you from negative energy.
   It prevents most forms of teleportation.
 G - the ring "Nymnon" (left hand) {rC+ MR+ Stlth+}
   (You took it off a deep elf elementalist on level 3 of the Elven Halls)

   [ring of protection from magic]

   It protects you from cold.
   It affects your resistance to hostile enchantments.
   It makes you more stealthy.
 N - the ring "Gatzec" (right hand) {MR+ Dex+4 Slay+4}
   (You bought it in a shop on level 8 of the Dungeon)

   [ring of protection from magic]

   It affects your dexterity (+4).
   It affects your accuracy and damage with ranged weapons and melee attacks
   (+4).
   It affects your resistance to hostile enchantments.
 Y - the amulet of Ethics {Harm *Drain rN+++ MR+ Str+3 Int-2}
   (You took it off a deep elf demonologist on level 3 of the Elven Halls)

   [amulet of harm]

   It increases damage dealt and taken.
   It affects your strength (+3).
   It affects your intelligence (-2).
   It renders you almost immune to negative energy.
   It affects your resistance to hostile enchantments.
Wands
 w - a wand of iceblast (2/15)
 F - a wand of iceblast (6/15)
 K - a wand of acid (0/15)
 L - a wand of acid (4/15)
 O - a wand of paralysis (17/24)
 P - a wand of lightning (7/15)
 Q - a wand of disintegration (23/24)
 T - a wand of acid (1/15)
 Z - a wand of digging (8/24)
Scrolls
 c - a scroll of recharging
 n - 5 scrolls of fog
 p - 8 scrolls of fear
 B - a scroll of identify
 V - 5 scrolls of summoning
 X - a scroll of magic mapping
Potions
 a - 6 potions of flight
 e - a potion of agility
 g - 3 potions of might
 h - 2 potions of invisibility
 k - a potion of resistance
 l - 4 potions of ambrosia
 C - 3 potions of magic
 R - 3 potions of curing
Books
 u - the Tome of the Mutagenic Snowflakes
   (You found it on level 3 of the Elven Halls)

   Spells                             Type                      Level
   a - Freeze                         Ice                          1
   b - Yara's Violent Unravelling     Hexes/Transmutation          5
   c - Alistair's Intoxication        Transmutation/Poison         5
   d - Ozocubu's Refrigeration        Ice                          6
Miscellaneous
 m - a sack of spiders {used: 7}
 x - a stone of tremors
 A - a fan of gales (inert)
 E - an ornate deck of summoning {drawn: 8}
 H - a phial of floods (inert)
 I - a legendary deck of summoning {drawn: 1}
Comestibles
 f - 8 bread rations
 U - 44 fruits


   Skills:
 - Level 13.0 Fighting
 - Level 17.6(18.2) Polearms
 - Level 8.4(14.1) Staves
 - Level 6.6 Crossbows
 + Level 5.6 Armour
 - Level 11.5 Dodging
 - Level 16.3 Stealth
 - Level 18.0 Shields
 * Level 7.5 Spellcasting
 + Level 12.7 Transmutations
 + Level 13.8 Earth Magic
 - Level 9.0 Evocations


You had 27 spell levels left.
You knew the following spells:

 Your Spells              Type           Power        Failure   Level  Hunger
a - Statue Form           Trmt/Erth      #####....    10%         6    #######
b - Mephitic Cloud        Conj/Pois/Air  #.......     43%         3    ##.....


Dungeon Overview and Level Annotations

Branches:
Dungeon (15/15)            Temple (1/1) D:4            Lair (8/8) D:10
  Swamp (4/4) Lair:6       Spider (4/4) Lair:4        Slime (1/6) Lair:7
    Orc (2/2) D:9             Elf (3/3) Orc:2        Vaults (2/5) D:13
 Depths (0/5) D:15
  Crypt: Vaults:2-3

Altars:
Ashenzari
Cheibriados
Dithmenos
Elyvilon
Fedhas
Gozag
Kikubaaqudgha
Makhleb
Nemelex Xobeh
Okawaru
Pakellas
Qazlal
Ru
Sif Muna
Trog
Vehumet
Xom
Yredelemnul
Zin
The Shining One

Shops:
D:5 ?   D:6 ?   D:7 (*[[[[[[[   D:8 =   D:10 }   D:11 (   Orc:2 (((*
Vaults:2 %(

Annotations:
D:5 M4edhros's ghost, novice FoHu
Lair:1 1 exclusion
Elf:2 3 runed doors


Innate Abilities, Weirdness & Mutations

You are under a permanent stasis effect.
You can dig through walls and to a lower floor.
Your four strong arms can wield two-handed weapons with a shield.
You have a pair of large antennae on your head (SInv).
((You are partially covered in iridescent scales (AC +4).))
You are agile. (Dex +2)
You possess an exceptional clarity of mind.
You have an increased reservoir of magic (+10% MP).
You are resistant to hostile enchantments.
((You are covered in fur (AC +1).))
You do not regenerate naturally when monsters are visible.
Your muscles are strong. (Str +2)


Message History

The vault warden completely misses you.
Unknown command.
Unknown command.
Evoke which item? (* to show all) (? for menu, Esc to quit)
You draw a card...
It is Water.
Splash!
You fall into the shallow water.
Moving in this stuff is going to be slow.
The tengu reaver hits you with a dire flail of draining!!
* * * LOW HITPOINT WARNING * * *
You block the tengu reaver's attack. x2
The deep elf death mage completely misses you.
The vault warden completely misses you.
The tengu reaver points at you and mumbles some strange words.
The bolt of acid hits you!
* * * LOW HITPOINT WARNING * * *
The acid burns!
* * * LOW HITPOINT WARNING * * *
The battlesphere fires!
The barrage of energy hits you!
You die...

# #.........# #.))....####### #
#.........# #)..)...#.(...# #
#.........# #.......#.....# #
#.........# ##.....##.....# #
#.........# ##...###^....#
#######+############+###.....####
..............≈p≈≈≈*.............
#.............≈p≈≈≈..............
#...........))Cp8≈E......÷.......
#.......≈....poQe≈E..............
#..)..........)W≈≈≈..............
#....)....).......*..............
#.....).(........................
#######'################.....####
#..# #.....# ..... { #.....#
........ { ....


You could see a stone giant, a vault warden, a tengu reaver, a ghostly vault
guard, a deep elf death mage, 2 ironbrand convokers, a freezing wraith, a lost
soul, a battlesphere, an orc and 2 friendly water elementals.

Vanquished Creatures
  Saint Roka (Vaults:1)
  the Lernaean hydra (Swamp:4)
  Nikola (Elf:1)
  Arachne (Spider:4)
  An Ice Fiend (IceCv)
  Rupert (D:13)
  2 deep elf blademasters
  Gastronok (D:8)
  2 deep elf master archers (Elf:3)
  A sphinx (Elf:3)
  Frances (Swamp:2)
  Kirke (D:12)
  A thorn hunter (Swamp:4)
  The ghost of Northaan the Severer, a journeyman HOFi of Okawaru (Swamp:1)
  The ghost of Rationalist the Spry, a journeyman MiBe of Trog (Swamp:3)
  5 ghost moths
  2 frost giants
  Louise (D:14)
  6 deep elf sorcerers
  4 vault wardens
  11 emperor scorpions
  5 deep elf elementalists (Elf:3)
  4 ironheart preservers
  3 very ugly things
  Nessos (D:12)
  The ghost of Rationalist the Cleaver, a journeyman MiBe of Trog (Lair:5)
  2 stone giants (Vaults:2)
  7 deep elf demonologists
  Azrael (Elf:1)
  2 spark wasps
  Snorg (Orc:2)
  5 deep elf annihilators (Elf:3)
  3 ettins
  The ghost of Arantyr the Blocker, a journeyman GrFi (Spider:1)
  4 fire dragons
  A minotaur (Lab)
  6 vault guards
  5 deep elf death magi (Elf:3)
  5 deep elf high priests
  A rakshasa (D:15)
  33 hydras
  A yaktaur captain (Vaults:2)
  Fannar (Orc:1)
  2 ice dragons
  A ghost crab (Swamp:2)
  3 death knights
  A catoblepas (Lair:7)
  5 centaur warriors
  7 alligators
  10 death yaks
  A spriggan berserker (Swamp:1)
  5 ogre magi
  A deep troll earth mage (Vaults:1)
  4 orc high priests
  Sonja (D:15)
  Nergalle (D:11)
  A skeletal warrior (D:13)
  22 deep elf knights
  5 unseen horrors
  9 swamp dragons
  2 deep trolls (Vaults:1)
  4 shambling mangroves
  A harpy (shapeshifter) (D:14)
  3 ironbrand convokers
  3 wizards
  13 hill giants
  A wolf spider zombie (D:15)
  8 orc knights
  18 deep elf archers
  A harpy (Elf:3)
  26 wolf spiders
  41 deep elf magi
  An orb spider (shapeshifter) (D:10)
  3 cyclopes
  A salamander (D:15)
  30 ugly things
  6 orc sorcerers
  2 manticores
  21 orb spiders
  9 hornets
  18 elephants
  A shining eye (shapeshifter) (Elf:3)
  10 griffons
  2 black mambas
  6 torpor snails
  Psyche (D:8)
  8 vault sentinels
  4 molten gargoyles (D:12)
  3 ice statues (IceCv)
  A gargoyle (D:11)
  24 spiny frogs
  7 yaktaurs
  5 centaur skeletons
  3 anaconda simulacra (IceCv)
  9 komodo dragons
  A golden dragon simulacrum (IceCv)
  An efreet (D:13)
  A freezing wraith (D:14)
  4 spriggan druids
  11 demonic crawlers
  2 rime drakes (Lair:8)
  8 ice devils (IceCv)
  2 tengu conjurers (D:14)
  6 trolls
  7 giant leeches
  26 jumping spiders
  9 polar bears
  A polar bear (shapeshifter) (D:15)
  20 blink frogs
  7 bog bodies
  22 slime creatures
  Prince Ribbit (D:8)
  11 two-headed ogres
  3 boulder beetles
  3 air elementals
  29 tarantellas
  A centaur simulacrum (D:14)
  4 shadows
  60 redbacks
  18 spriggans
  A vampire (D:13)
  A spriggan (shapeshifter) (Vaults:2)
  3 water elementals
  Sigmund (D:6)
  3 wraiths
  53 yaks
  2 fire elementals (Elf:1)
  4 wyverns
  5 basilisks
  25 vampire mosquitoes
  13 hippogriffs
  A hungry ghost (D:10)
  10 wargs
  A mottled dragon (D:14)
  A soldier ant (D:15)
  16 insubstantial wisps
  2 harpy simulacra (IceCv)
  3 iron troll simulacra (IceCv)
  A hydra simulacrum (IceCv)
  20 swamp worms
  15 water moccasins
  5 porcupines
  6 hell hounds
  3 ice beasts
  38 orc warriors
  5 black bears
  A sky beast (shapeshifter) (D:13)
  8 swamp drakes
  5 sky beasts
  22 wasps
  An eye of draining (D:14)
  A boggart (D:13)
  4 phantoms
  31 ogres
  20 wolves (Lair:8)
  11 crocodiles
  7 centaurs
  5 big kobolds
  21 giant frogs
  5 earth elementals (Elf:1)
  A water moccasin zombie (D:9)
  A gnoll sergeant (D:8)
  2 scorpions
  20 killer bees
  17 wights
  A howler monkey (D:14)
  2 electric eels
  5 crimson imps
  5 giant frog zombies
  A wasp zombie (D:9)
  3 centaur zombies
  28 orc priests
  10 hounds
  4 jellies
  5 giant frog skeletons
  15 iguanas
  38 orc wizards
  Jessica (D:3)
  Ijyb (D:2)
  16 worker ants
  A killer bee zombie (D:9)
  15 sheep
  A hound zombie (D:8)
  2 worker ant zombies
  10 gnolls
  15 adders
  64 river rats
  4 shadow imps
  3 white imps (Lair:8)
  An ufetubus (Vaults:1)
  An ooze (D:1)
  4 adder skeletons
  2 adder zombies
  3 worms
  10 giant geckos
  102 orcs
  A ball python (D:3)
  A bat skeleton (D:2)
  7 giant cockroaches
  15 goblins
  9 hobgoblins
  16 jackals
  4 quokkas
  11 bats
  A giant gecko skeleton (D:4)
  A giant gecko zombie (D:2)
  4 giant newts
  2 gnoll zombies (D:9)
  A jackal skeleton (D:2)
  29 kobolds
  A quokka skeleton (D:2)
  A quokka zombie (D:2)
  11 rats
1681 creatures vanquished.

Vanquished Creatures (collateral kills)
  The ghost of simples the Executioner, a veteran FoFi of Qazlal (Vaults:2)
  2 vault guards (Vaults:2)
  A hydra (D:10)
  An orc high priest (Orc:2)
  A swamp dragon (Swamp:4)
  A hill giant (D:10)
  A vault sentinel (Vaults:2)
  An efreet (D:10)
  3 swamp drakes (Swamp:4)
  An orc warrior (Orc:2)
  2 ogres (Vaults:2)
  2 centaurs
  2 orc priests (Orc:2)
  An orc wizard (Orc:2)
20 creatures vanquished.

Vanquished Creatures (others)
  A salamander stormcaller (D:15)
  A deep elf annihilator (Elf:3)
  14 dancing weapons
  A griffon (D:14)
  2 salamanders (D:15)
  A redback (Spider:4)
  3 humans (D:12)
  A hell hound (Elf:3)
  A wasp (Swamp:4)
  A boggart (D:14)
  A killer bee (D:11)
  An iguana (D:12)
  A gnoll (D:2)
  3 orcs
  19 fungi
  13 plants
64 creatures vanquished.

Grand Total: 1765 creatures vanquished

Notes
Turn   | Place    | Note
--------------------------------------------------------------
     0 | D:1      | M4edhros the Formicid Hunter began the quest for the Orb.
     0 | D:1      | Reached XP level 1. HP: 16/16 MP: 1/1
    96 | D:1      | Reached XP level 2. HP: 18/22 MP: 2/2
   257 | D:1      | Reached XP level 3. HP: 27/27 MP: 3/3
   310 | D:1      | Reached skill level 5 in Crossbows
   952 | D:2      | Reached XP level 4. HP: 25/33 MP: 4/4
   998 | D:2      | Found a glowing golden altar of the Shining One.
  1004 | D:2      | Found a radiant altar of Vehumet.
  1291 | D:4      | Noticed a phantom
  1301 | D:4      | Killed a phantom
  1301 | D:4      | Reached XP level 5. HP: 30/38 MP: 5/5
  1430 | D:4      | Found a bloodstained altar of Trog.
  1474 | D:4      | Reached XP level 6. HP: 44/44 MP: 6/6
  1521 | D:4      | Found a staircase to the Ecumenical Temple.
  1532 | Temple   | Entered the Ecumenical Temple
  2003 | Temple   | Became a worshipper of Gozag Ym Sagoz the Greedy
  2789 | D:2      | Noticed Ijyb
  2809 | D:2      | Killed Ijyb
  2809 | D:2      | Reached skill level 1 in Polearms
  3184 | D:3      | Noticed Jessica
  3192 | D:3      | Killed Jessica
  3810 | D:5      | Entered Level 5 of the Dungeon
  3827 | D:5      | Reached XP level 7. HP: 16/50 MP: 7/7
  3973 | D:5      | Noticed M4edhros's ghost (novice FoHu)
  4585 | D:5      | Found Fintuaho's Magic Scroll Boutique.
  4592 | D:5      | Bought a scroll of identify for 28 gold pieces
  5021 | D:5      | Reached skill level 5 in Stealth
  5033 | D:5      | Reached XP level 8. HP: 46/56 MP: 8/8
  5203 | D:6      | Found a shadowy altar of Dithmenos.
  5224 | D:6      | Reached skill level 5 in Polearms
  5455 | D:6      | Found a bloodstained altar of Trog.
  5465 | D:6      | Noticed Sigmund
  5512 | D:6      | Killed Sigmund
  5916 | D:6      | Found Faphiaqo's Magic Scroll Boutique.
  6075 | D:6      | Reached XP level 9. HP: 50/62 MP: 9/9
  6785 | D:7      | Found a blossoming altar of Fedhas.
  7700 | D:8      | Noticed a hill giant
  7719 | D:8      | Killed a hill giant
  7719 | D:8      | Reached XP level 10. HP: 38/73 MP: 10/10
  7787 | D:8      | Reached skill level 5 in Fighting
  8208 | D:8      | Noticed Prince Ribbit
  8223 | D:8      | Killed Prince Ribbit
  8312 | D:8      | Found Zient's Jewellery Emporium.
  8434 | D:8      | Noticed Psyche
  8435 | D:8      | Noticed Gastronok
  8592 | D:9      | Found a glowing silver altar of Zin.
  8914 | D:8      | Bought the ring "Gatzec" {MR+ Dex+4 Slay+4} for 572 gold pieces
  9020 | D:8      | Reached skill level 5 in Dodging
  9175 | D:8      | Killed Psyche
  9175 | D:8      | Reached skill level 10 in Polearms
  9537 | D:8      | Killed Gastronok
  9537 | D:8      | Reached XP level 11. HP: 39/81 MP: 3/11
  9638 | D:8      | Found a shadowy altar of Dithmenos.
  9638 | D:8      | Found a shimmering altar of Xom.
  9638 | D:8      | Found a bloodstained altar of Trog.
 10380 | D:9      | Found a staircase to the Orcish Mines.
 10616 | D:9      | Found a burning altar of Makhleb.
 10616 | D:9      | Noticed a cacodemon
 10833 | D:9      | Found a basalt altar of Yredelemnul.
 10992 | D:10     | Entered Level 10 of the Dungeon
 11038 | D:10     | Noticed a hill giant
 11048 | D:10     | Killed a hill giant
 11085 | D:10     | Found a staircase to the Lair.
 11193 | D:10     | Found Ziukluh's Gadget Emporium.
 11224 | D:10     | Noticed a hill giant
 11227 | D:10     | Noticed a six-headed hydra
 11236 | D:10     | Killed a hill giant
 11240 | D:10     | Killed a six-headed hydra
 11283 | D:10     | Noticed a four-headed hydra
 11288 | D:10     | Noticed an orb spider
 11290 | D:10     | Noticed a centaur warrior
 11293 | D:10     | Noticed a hill giant
 11299 | D:10     | Gained mutation: Your muscles are strong. (Str +2) [potion of mutation]
 11299 | D:10     | Gained mutation: Your magical capacity is low (-10% MP). [potion of mutation]
 11299 | D:10     | Gained mutation: You are agile. (Dex +2) [potion of mutation]
 11306 | D:10     | Killed a four-headed hydra
 11313 | D:10     | Killed a hill giant
 11315 | D:10     | Killed an orb spider
 11322 | D:10     | Killed a centaur warrior
 11322 | D:10     | Reached XP level 12. HP: 42/87 MP: 10/10
 11640 | D:9      | Got a bloodstained flail
 11641 | D:9      | Identified the +4 flail of Ozifaasm {freeze, Dex+4} (You found it on level 9 of the Dungeon)
 12269 | D:11     | Noticed Nergalle
 12307 | D:11     | Killed Nergalle
 12740 | D:11     | Bought a runed glaive for 182 gold pieces
 12936 | D:11     | Reached skill level 10 in Dodging
 13552 | D:12     | Noticed Kirke
 13571 | D:12     | Killed Kirke
 13571 | D:12     | Reached XP level 13. HP: 46/93 MP: 11/11
 13713 | D:12     | Noticed Nessos
 13739 | D:12     | Killed Nessos
 14220 | D:13     | Noticed a centaur warrior
 14229 | D:13     | Killed a centaur warrior
 14367 | D:13     | Noticed a four-headed hydra
 14380 | D:13     | Killed a four-headed hydra
 14491 | D:13     | Noticed Rupert
 14504 | D:13     | You fall through a shaft for 2 floors!
 14504 | D:15     | Entered Level 15 of the Dungeon
 14508 | D:15     | Noticed a rakshasa
 14515 | D:15     | Killed a rakshasa
 14885 | D:15     | Found an iron altar of Okawaru.
 15186 | D:14     | Got a fine large shield
 15408 | D:14     | Identified the +6 large shield of Baldness {+Inv rC- Slay+6} (You found it on level 14 of the Dungeon)
 15454 | D:14     | Reached skill level 1 in Shields
 15491 | D:14     | Found a white marble altar of Elyvilon.
 15556 | D:14     | Reached skill level 1 in Evocations
 15575 | D:14     | Reached skill level 2 in Shields
 15598 | D:14     | Noticed Louise
 15609 | D:14     | Killed Louise
 15609 | D:14     | Reached skill level 3 in Shields
 15765 | D:14     | Reached XP level 14. HP: 62/101 MP: 14/14
 15824 | D:14     | Reached skill level 15 in Polearms
 15824 | D:14     | Reached skill level 4 in Shields
 16072 | D:14     | Reached skill level 5 in Shields
 16533 | D:13     | Reached skill level 6 in Shields
 16973 | D:13     | Found a gate to the Vaults.
 16994 | D:13     | You fall through a shaft!
 17135 | D:15     | Reached skill level 7 in Shields
 17170 | D:15     | Noticed a salamander stormcaller
 17192 | D:15     | Killed a salamander stormcaller
 17629 | Lair:1   | Entered Level 1 of the Lair of Beasts
 17691 | Lair:1   | Gained mutation: You evolve. [potion of mutation]
 17691 | Lair:1   | Gained mutation: You have sharp toenails. [potion of mutation]
 17691 | Lair:1   | Gained mutation: You are dopey. (Int -2) [potion of mutation]
 17736 | Lair:1   | Found a labyrinth entrance.
 17748 | Lab      | Entered a labyrinth
 17856 | Lab      | Got a slimy ivory ring
 17857 | Lab      | Identified the ring of Symmetry {Dex+3 SInv} (You found it in a labyrinth)
 17993 | Lair:1   | Reached skill level 8 in Shields
 18033 | D:10     | You fall through a shaft for 3 floors!
 18107 | D:13     | Killed Rupert
 18107 | D:13     | Reached skill level 5 in Evocations
 18490 | D:15     | Reached XP level 15. HP: 112/112 MP: 17/17
 18506 | D:15     | Found a staircase to the Depths.
 18560 | D:15     | Reached skill level 9 in Shields
 18592 | D:15     | Noticed Sonja
 18595 | D:15     | Killed Sonja
 19602 | D:7      | Bought a runed cloak for 162 gold pieces
 20172 | Lair:1   | Got an ominously black robe
 20183 | Lair:1   | Identified the +1 robe of Watchfulness {MR++ Int+2 Dex-5 SInv} (You found it on level 1 of the Lair of Beasts)
 20287 | Lair:1   | Reached skill level 10 in Shields
 22373 | Lair:4   | Reached skill level 10 in Stealth
 22373 | Lair:4   | Reached skill level 11 in Shields
 22485 | Lair:4   | Found a hole to the Spider Nest.
 22779 | Lair:4   | Found a snail-covered altar of Cheibriados.
 23077 | Lair:5   | Noticed Rationalist's ghost (journeyman MiBe)
 23100 | Lair:5   | Killed Rationalist's ghost
 23100 | Lair:5   | Reached XP level 16. HP: 91/120 MP: 3/18
 24074 | Lair:6   | Lost mutation: You are dopey. (Int -2) [evolution]
 24510 | Lair:6   | Found a staircase to the Swamp.
 24801 | Lair:7   | Reached skill level 12 in Shields
 25341 | Lair:7   | Found a staircase to the Slime Pits.
 25478 | Lair:7   | Lost mutation: Your muscles are strong. (Str +2) [potion of mutation]
 25478 | Lair:7   | Gained mutation: Your movements are slightly less encumbered by armour (ER -2). [potion of mutation]
 25741 | Slime:1  | Entered Level 1 of the Pits of Slime
 25741 | Slime:1  | Noticed an acid blob
 25747 | Lair:8   | Entered Level 8 of the Lair of Beasts
 26900 | Lair:8   | Reached skill level 13 in Shields
 27601 | D:7      | Bought a potion of mutation for 45 gold pieces
 27601 | D:7      | Bought a potion of mutation for 45 gold pieces
 27601 | D:7      | Gained mutation: You are very agile. (Dex +4) [potion of mutation]
 27601 | D:7      | Lost mutation: Your magical capacity is low (-10% MP). [potion of mutation]
 27602 | D:7      | Lost mutation: Your movements are slightly less encumbered by armour (ER -2). [potion of mutation]
 27602 | D:7      | Gained mutation: You regenerate slowly when monsters are visible. [potion of mutation]
 27608 | D:7      | Bought a garnet-encrusted chain mail for 342 gold pieces
 27608 | D:7      | Bought a warped chain mail for 342 gold pieces
 27618 | D:7      | Identified the +6 chain mail of Duleu {rF+} (You bought it in a shop on level 7 of the Dungeon)
 27633 | D:7      | Identified the +6 chain mail "Ilunk" {rC+ rN+ MR+ Slay-2} (You bought it in a shop on level 7 of the Dungeon)
 27991 | Orc:1    | Entered Level 1 of the Orcish Mines
 28340 | Orc:1    | Noticed Fannar
 28354 | Orc:1    | Killed Fannar
 28354 | Orc:1    | Reached XP level 17. HP: 103/125 MP: 22/22
 28595 | Orc:2    | Entered Level 2 of the Orcish Mines
 28643 | Orc:2    | Found a staircase to the Elven Halls.
 28705 | Orc:2    | Noticed Snorg
 28956 | Orc:2    | Killed Snorg
 29476 | Orc:2    | Found Gufogi's General Store.
 29479 | Orc:2    | Found Deicucse's Weapon Shoppe.
 29480 | Orc:2    | Found Haur's Weapon Emporium.
 29507 | Orc:2    | Found Kigar's Weapon Emporium.
 29527 | Orc:2    | Bought a +1 lajatang of speed for 676 gold pieces
 30137 | Spider:1 | Entered Level 1 of the Spider Nest
 30148 | Spider:1 | Reached skill level 1 in Staves
 30651 | Spider:1 | Noticed Arantyr's ghost (journeyman GrFi)
 30991 | Spider:1 | Reached skill level 14 in Shields
 31085 | Spider:1 | Killed Arantyr's ghost
 31805 | Spider:2 | Gained mutation: Your mind is acute. (Int +2) [evolution]
 32690 | Spider:3 | Reached XP level 18. HP: 134/134 MP: 16/24
 33048 | Spider:3 | Reached skill level 5 in Staves
 33112 | Spider:3 | Reached skill level 10 in Fighting
 33283 | Spider:4 | Entered Level 4 of the Spider Nest
 33326 | Spider:4 | Noticed Arachne
 33367 | Spider:4 | Killed Arachne
 33704 | Spider:4 | Got a slimy leather armour
 33705 | Spider:4 | Identified the +4 leather armour "Immatis" {rF++} (You found it on level 4 of the Spider Nest)
 33707 | Spider:4 | Gained mutation: You are partially covered in iridescent scales (AC +4). [potion of beneficial mutation]
 33959 | Spider:4 | Reached skill level 15 in Shields
 34277 | Spider:4 | Reached skill level 15 in Stealth
 35110 | Spider:4 | Got a gossamer rune of Zot
 35593 | D:7      | Bought an ichor-stained scale mail for 315 gold pieces
 35603 | D:7      | Identified the +7 scale mail "Zoru Gogh" {Dex+6} (You bought it in a shop on level 7 of the Dungeon)
 35658 | D:7      | Gained mutation: You are partially covered in rugged brown scales (AC +1, +3% HP). [evolution]
 35658 | D:7      | Lost mutation: You evolve. [end of evolution]
 35916 | Swamp:1  | Entered Level 1 of the Swamp
 36115 | Swamp:1  | Reached XP level 19. HP: 128/148 MP: 25/25
 36311 | Swamp:1  | Noticed Northaan's ghost (journeyman HOFi)
 36331 | Swamp:1  | Killed Northaan's ghost
 37194 | Swamp:2  | Reached skill level 16 in Shields
 37279 | Swamp:2  | Noticed Frances
 37297 | Swamp:2  | Killed Frances
 37766 | Swamp:3  | Noticed Rationalist's ghost (journeyman MiBe)
 37809 | Swamp:3  | Killed Rationalist's ghost
 37995 | Swamp:3  | Found a frozen archway.
 38035 | Swamp:3  | Learned a level 6 spell: Statue Form
 38045 | IceCv    | Entered an ice cave
 38124 | IceCv    | Reached skill level 1 in Earth Magic
 38230 | IceCv    | Reached skill level 1 in Transmutations
 38409 | IceCv    | Noticed an Ice Fiend
 38417 | IceCv    | Killed an Ice Fiend
 38826 | Swamp:3  | Learned a level 3 spell: Mephitic Cloud
 39070 | Swamp:4  | Entered Level 4 of the Swamp
 39964 | Swamp:4  | Reached XP level 20. HP: 103/159 MP: 26/26
 40011 | Swamp:4  | Reached skill level 5 in Earth Magic
 40259 | Swamp:4  | Noticed the 27-headed Lernaean hydra
 40267 | Swamp:4  | Killed the 26-headed Lernaean hydra
 40267 | Swamp:4  | Reached skill level 17 in Shields
 40360 | Swamp:4  | Got a decaying rune of Zot
 40494 | Swamp:4  | Reached skill level 5 in Transmutations
 41352 | Elf:1    | Entered Level 1 of the Elven Halls
 41439 | Elf:1    | Noticed Nikola
 41454 | Elf:1    | Killed Nikola
 41464 | Elf:1    | Gained mutation: You have an increased reservoir of magic (+10% MP). [potion of mutation]
 41464 | Elf:1    | Gained mutation: You are resistant to hostile enchantments. [potion of mutation]
 41861 | Elf:1    | Noticed Azrael
 41895 | Elf:1    | Killed Azrael
 42853 | Elf:1    | Gained mutation: Your muscles are strong. (Str +2) [potion of mutation]
 42853 | Elf:1    | Lost mutation: Your mind is acute. (Int +2) [potion of mutation]
 43930 | Elf:2    | Found a huge runed gate.
 43930 | Elf:2    | Found a huge runed gate.
 43942 | Elf:2    | Found a huge runed gate.
 44112 | Elf:3    | Entered Level 3 of the Elven Halls
 44925 | Elf:2    | Reached skill level 18 in Shields
 45097 | Elf:2    | Reached XP level 21. HP: 151/166 MP: 30/30
 45332 | Elf:3    | Reached skill level 10 in Earth Magic
 45395 | Elf:3    | Got a wavering steel amulet
 45397 | Elf:3    | Identified the amulet of Ethics {Harm *Drain rN+++ MR+ Str+3 Int-2} (You took it off a deep elf demonologist on level 3 of the Elven Halls)
 45563 | Elf:3    | Reached skill level 10 in Transmutations
 45698 | Elf:3    | Got a coiled granite ring
 45699 | Elf:3    | Identified the ring "Nymnon" {rC+ MR+ Stlth+} (You took it off a deep elf elementalist on level 3 of the Elven Halls)
 45836 | Elf:3    | Got a wavering iron amulet
 45838 | Elf:3    | Identified the amulet of Heufil {+Rage Int-5 Dex+4} (You took it off a deep elf annihilator on level 3 of the Elven Halls)
 45886 | Elf:3    | Identified the Tome of the Mutagenic Snowflakes
 45969 | Elf:3    | Noticed a Brimstone Fiend
 46892 | Elf:2    | Reached skill level 1 in Spellcasting
 47229 | D:7      | Bought a +0 pair of gloves of strength for 184 gold pieces
 47245 | D:7      | Bought a scorched ring mail for 315 gold pieces
 47255 | D:7      | Identified the +5 ring mail of Valiance {rPois Dex+10} (You bought it in a shop on level 7 of the Dungeon)
 47338 | D:7      | Bought a glowing cloak for 157 gold pieces
 47338 | D:7      | Bought an embroidered cloak for 157 gold pieces
 47393 | D:7      | Bought the cursed +0 leather armour of the Equator {-Tele rPois Int+5} for 241 gold pieces
 47456 | D:6      | Fell from the grace of Gozag
 47456 | D:6      | Became a worshipper of Dithmenos the Shadowed
 47673 | Vaults:1 | Entered Level 1 of the Vaults
 47754 | Vaults:1 | Reached * piety under Dithmenos
 47806 | Vaults:1 | Gained mutation: You are dopey. (Int -2) [mutagenic meat]
 47808 | Vaults:1 | Gained mutation: You do not regenerate naturally when monsters are visible. [mutagenic meat]
 47814 | Vaults:1 | Gained mutation: You expend magic power (3 MP) to strengthen your wands. [mutagenic meat]
 47815 | Vaults:1 | Lost mutation: You have sharp toenails. [mutagenic meat]
 47817 | Vaults:1 | Lost mutation: You are partially covered in rugged brown scales (AC +1, +3% HP). [mutagenic meat]
 47879 | Vaults:1 | Reached skill level 1 in Armour
 47897 | Vaults:1 | Lost mutation: You are dopey. (Int -2) [mutagenic meat]
 47902 | Vaults:1 | Gained mutation: Scrolls take you a little longer to read. [mutagenic meat]
 47903 | Vaults:1 | Gained mutation: You are covered in fur (AC +1). [mutagenic meat]
 47993 | Vaults:1 | Reached XP level 22. HP: 133/169 MP: 31/31
 48215 | Vaults:1 | Reached ** piety under Dithmenos
 48424 | Vaults:1 | Noticed Saint Roka
 48545 | Vaults:1 | Killed Saint Roka
 48545 | Vaults:1 | Reached skill level 5 in Spellcasting
 48862 | Vaults:1 | Lost mutation: Scrolls take you a little longer to read. [mutagenic meat]
 48863 | Vaults:1 | Lost mutation: You expend magic power (3 MP) to strengthen your wands. [mutagenic meat]
 48864 | Vaults:1 | Lost mutation: You are very agile. (Dex +4) [mutagenic meat]
 48865 | Vaults:1 | Gained mutation: You possess an exceptional clarity of mind. [mutagenic meat]
 49846 | Vaults:2 | Found Waopt's Weapon Emporium.
 49847 | Vaults:2 | Found Xioba's Food Shoppe.
 49854 | Vaults:2 | Reached *** piety under Dithmenos
 49990 | Vaults:2 | Noticed simples's ghost (veteran FoFi)
 50081 | Vaults:2 | Killed simples's ghost
 50081 | Vaults:2 | Reached skill level 5 in Armour
 50511 | Vaults:2 | Reached **** piety under Dithmenos
 50578 | Vaults:2 | HP: 2/219 [acid (10)]
 50578 | Vaults:2 | Killed from afar by a battlesphere

Skill      XL: |  1  2  3  4  5  6  7  8  9 10 11 12 13 14 15 16 17 18 19 20 21 22 |
---------------+-------------------------------------------------------------------+-----
Crossbows      | 5 6 |  6.6
Stealth        | 2 4 5 6 8 9 10 12 14 15 16 | 16.3
Polearms       | 2 4 6 8 10 12 13 14 15 16 17 | 17.6
Dodging        | 2 3 6 8 10 11 | 11.5
Fighting       | 4 5 6 8 9 11 12 13 | 13.0
Shields        | 3 8 11 13 14 15 16 18 | 18.0
Evocations     | 2 5 7 8 9 |  9.0
Staves         | 4 7 8 |  8.4
Earth Magic    | 4 9 12 13 | 13.8
Transmutations | 4 8 11 12 | 12.7
Spellcasting   | 2 7 |  7.5
Armour         | 1 5 |  5.6

Action                   |  1- 3 |  4- 6 |  7- 9 | 10-12 | 13-15 | 16-18 | 19-21 | 22-24 || total
-------------------------+-------+-------+-------+-------+-------+-------+-------+-------++-------
Melee: Trident           |       |    98 |   420 |   649 |    49 |   775 |   584 |       ||  2575
       Short sword       |       |     7 |       |       |       |       |       |       ||     7
       Spear             |       |       |       |    52 |       |       |       |       ||    52
       Glaive            |       |       |       |   100 |   880 |   218 |       |       ||  1198
       Halberd           |       |       |       |    17 |       |       |       |       ||    17
       Lajatang          |       |       |       |       |       |  1029 |  1223 |   513 ||  2765
 Fire: Hand crossbow     |    83 |    75 |       |       |       |       |       |       ||   158
 Cast: Statue Form       |       |       |       |       |       |       |     1 |     2 ||     3
Invok: Call Merchant     |       |       |     1 |     1 |     2 |     4 |     2 |       ||    10
       Potion Petition   |       |       |       |     1 |       |     1 |       |       ||     2
 Abil: Dig               |       |       |     3 |     4 |     2 |       |     7 |     1 ||    17
       Shaft Self        |       |       |       |       |     2 |       |       |       ||     2
       Evoke Invisibilit |       |       |       |       |       |     1 |     3 |       ||     4
Evoke: Wand              |       |       |       |     2 |     4 |    12 |     5 |     7 ||    30
       Deck              |       |       |       |     2 |     2 |       |     5 |     4 ||    13
       Stone of tremors  |       |       |       |       |     1 |       |       |     1 ||     2
       Phial of floods   |       |       |       |       |     1 |     1 |     2 |     2 ||     6
       Sack of spiders   |       |       |       |       |       |     2 |     3 |     2 ||     7
       Lamp of fire      |       |       |       |       |       |       |     2 |       ||     2
       Fan of gales      |       |       |       |       |       |       |       |     1 ||     1
  Use: Scroll            |       |     1 |     8 |    16 |    11 |    14 |    13 |       ||    63
       Potion            |       |       |     6 |     7 |     8 |     9 |     4 |     4 ||    38
 Stab: Sleeping          |       |     8 |     7 |     2 |    26 |    51 |    29 |     9 ||   132
       Invisible         |       |       |     7 |     5 |     6 |     6 |    20 |       ||    44
       Distracted        |       |       |     2 |     8 |    20 |    41 |    33 |     2 ||   106
       Confused          |       |       |       |       |     1 |       |       |       ||     1
       Petrifying        |       |       |       |       |       |     3 |       |       ||     3
       Held in net/web   |       |       |       |       |       |     2 |       |       ||     2
  Eat: Chunk             |       |     2 |       |       |       |       |    14 |    15 ||    31
       Beef jerky        |       |     1 |     2 |     7 |     1 |     2 |       |       ||    13
       Meat ration       |       |     1 |     1 |     1 |     2 |     4 |     5 |       ||    14
       Pizza             |       |       |     3 |     2 |     1 |     3 |     1 |       ||    10
       Royal jelly       |       |       |     1 |       |       |     1 |     1 |       ||     3
       Bread ration      |       |       |       |     1 |     4 |     3 |     3 |       ||    11
       Fruit             |       |       |       |       |     1 |       |     2 |       ||     3
Armor: Leather armour    |    15 |    30 |    51 |     8 |    24 |   136 |    30 |    17 ||   311
       Plate armour      |       |       |       |   251 |   130 |       |       |       ||   381
       Skin              |       |       |       |    18 |       |       |     2 |     9 ||    29
       Scale mail        |       |       |       |       |       |     2 |   156 |       ||   158
Dodge: Dodged            |    31 |    61 |   232 |   276 |   285 |   559 |   448 |   108 ||  2000
Block: Large shield      |       |       |       |       |   566 |  1667 |  1242 |   398 ||  3873
